General information
- name: BNet
- type: Ladder 1vs1/FFA
- host: Battle.net
- saver: UpAndOver
map: CentaurGrove
- players: 2
- length: 46:07
- speed: Fast
- version: 1.24 W3XP
- replay type: Public
» download(150 KB)
Players
team 1 (winner)
UpAndOver (
pink | 73 APM | 3352 actions | 46:07)
8 Blademaster
3 Wind Walk
3 Critical Strike
1 Bladestorm
1 Mirror Image
» actions
| Assign group hotkey | 41 | |
| Basic commands | 98 | |
| Build / train | 107 | |
| ESC pressed | 5 | |
| Enter build submenu | 50 | |
| Enter hero's abilities submenu | 8 | |
| Give item / drop item | 14 | |
| Right click | 1675 | |
| Select / deselect | 388 | |
| Select group hotkey | 673 | |
| Use ability | 293 | |
3352 total
» units
| Peon | 26 | |
| Wind Rider | 4 | |
| Troll Batrider | 28 | |
| Troll Witch Doctor | 1 | |
59 total
» upgrades
| Ranged Weapons | 3 | |
| Reinforced Defenses | 1 | |
| Liquid Fire | 1 | |
5 total
» buildings
| Altar of Storms | 1 | |
| Voodoo Lounge | 1 | |
| Orc Burrow | 7 | |
| War Mill | 1 | |
| Stronghold | 1 | |
| Watch Tower | 29 | |
| Beastiary | 4 | |
| Fortress | 2 | |
| Spirit Lodge | 1 | |
| Great Hall | 2 | |
49 total
» build order
00:04 Altar of Storms
00:16 Voodoo Lounge
00:22 Orc Burrow
01:15 War Mill
02:44 Orc Burrow
03:05 Stronghold
04:25 Orc Burrow
04:47 Watch Tower
04:48 Watch Tower
05:09 Watch Tower
06:10 Beastiary
06:13 Beastiary
06:37 Watch Tower
06:40 Watch Tower
06:45 Watch Tower
06:47 Watch Tower
06:48 Watch Tower
06:49 Watch Tower
08:08 Fortress
08:37 Watch Tower
08:38 Watch Tower
08:41 Beastiary
10:06 Orc Burrow
12:05 Watch Tower
12:06 Watch Tower
12:08 Watch Tower
12:32 Spirit Lodge
15:30 Orc Burrow
15:34 Watch Tower
16:20 Beastiary
17:17 Fortress
20:31 Great Hall
20:54 Orc Burrow
20:55 Watch Tower
20:56 Watch Tower
20:59 Watch Tower
21:21 Watch Tower
22:15 Watch Tower
22:27 Watch Tower
27:35 Watch Tower
27:35 Watch Tower
29:39 Watch Tower
35:20 Great Hall
35:31 Watch Tower
35:31 Watch Tower
37:00 Watch Tower
37:02 Watch Tower
37:02 Watch Tower
38:23 Orc Burrow
» items
| Potion of Healing | 6 | |
| Potion of Mana | 4 | |
| Healing Salve | 4 | |
| Lesser Clarity Potion | 12 | |
| Boots of Speed | 1 | |
| Staff of Teleportation | 1 | |
| Orb of Lightning | 1 | |
29 total
team 2 (loser)
MassPikePatrol (
blue | 79 APM | 3658 actions | 46:05)
5 Archmage
3 Blizzard
2 Brilliance Aura
5 Blood Mage
3 Flame Strike
2 Banish
» actions
| Basic commands | 137 | |
| Build / train | 106 | |
| Enter build submenu | 71 | |
| Enter hero's abilities submenu | 10 | |
| Give item / drop item | 1 | |
| Remove unit from queue | 1 | |
| Right click | 2002 | |
| Select / deselect | 1127 | |
| Use ability | 202 | |
3658 total
» units
| Peasant | 33 | |
| Sorceress | 6 | |
| Priest | 7 | |
| Gryphon Rider | 3 | |
| Dragonhawk Rider | 12 | |
61 total
» upgrades
| Sorceress Training | 1 | |
| Magic Sentry | 1 | |
| Lumber Harvesting | 1 | |
| Armor | 3 | |
| Priest Training | 2 | |
| Swords | 1 | |
| Storm Hammers | 1 | |
10 total
» buildings
| Altar of Kings | 2 | |
| Farm | 16 | |
| Scout Tower | 21 | |
| Arcane Tower | 6 | |
| Lumber Mill | 4 | |
| Guard Tower | 7 | |
| Keep | 2 | |
| Arcane Vault | 2 | |
| Blacksmith | 2 | |
| Arcane Sanctum | 2 | |
| Castle | 2 | |
| Gryphon Aviary | 4 | |
| Town Hall | 5 | |
75 total
» build order
00:04 Altar of Kings
00:32 Farm
01:01 Scout Tower
01:49 Arcane Tower
02:22 Scout Tower
02:24 Farm
02:43 Farm
03:44 Lumber Mill
04:15 Guard Tower
05:48 Keep
06:13 Arcane Vault
06:42 Blacksmith
09:04 Arcane Sanctum
09:17 Farm
10:20 Scout Tower
10:39 Arcane Tower
11:10 Farm
11:18 Castle
11:43 Gryphon Aviary
13:27 Gryphon Aviary
15:40 Farm
16:14 Farm
16:36 Farm
16:37 Farm
21:28 Town Hall
21:40 Scout Tower
22:06 Scout Tower
22:09 Arcane Tower
22:11 Scout Tower
22:36 Guard Tower
22:38 Scout Tower
22:42 Arcane Tower
22:46 Guard Tower
23:12 Guard Tower
25:17 Scout Tower
25:31 Scout Tower
25:52 Guard Tower
25:53 Scout Tower
26:05 Guard Tower
26:40 Guard Tower
28:00 Keep
29:26 Town Hall
29:41 Scout Tower
30:25 Farm
30:27 Farm
31:07 Farm
31:09 Farm
32:22 Farm
33:44 Town Hall
34:28 Arcane Vault
34:46 Arcane Sanctum
35:18 Scout Tower
35:19 Scout Tower
36:08 Altar of Kings
36:49 Scout Tower
37:28 Arcane Tower
37:32 Castle
38:26 Lumber Mill
39:05 Gryphon Aviary
39:41 Gryphon Aviary
39:44 Blacksmith
40:58 Town Hall
41:16 Farm
41:22 Scout Tower
41:23 Scout Tower
41:40 Town Hall
41:58 Farm
42:03 Scout Tower
42:20 Scout Tower
42:48 Scout Tower
42:52 Scout Tower
44:58 Arcane Tower
45:06 Lumber Mill
45:57 Scout Tower
46:01 Lumber Mill
» items
| Boots of Speed | 2 | |
| Staff of Teleportation | 2 | |
| Dust of Appearance | 1 | |
5 total
Chat log
(01:14 / All) MassPikePatrol: ssuop
(12:26 / All) MassPikePatrol: come in